 Dungeon Crawl Stone Soup version 0.18-a0-1570-gf60b0ab (webtiles) character file.

81 Duffy the Slasher (level 4, 0/35 HPs)
             Began as a Formicid Abyssal Knight on Mar 14, 2016.
             Was a Believer of Lugonu.
             Slain by Sigmund
             ... wielding a +0 scythe
              (6 damage)
             ... on level 2 of the Dungeon.
             The game lasted 00:01:46 (1565 turns).

Duffy the Slasher (Formicid Abyssal Knight)         Turns: 1565, Time: 00:01:46

Health: 0/35       AC:  7    Str: 16    XL:     4   Next: 67%
Magic:  5/5        EV:  9    Int: 12    God:    Lugonu [**....]
Gold:   58         SH:  0    Dex: 11    Spells: 0 memorised, 3 levels left

rFire  . . .     SeeInvis +     a - +1 falchion
rCold  . . .     Gourm    .     d - +0 scale mail
rNeg   . . .     Faith    .     (no shield)
rPois  .         Spirit   .     (helmet unavailable)
rElec  .         Dismiss  .     e - +0 cloak
rCorr  .         Reflect  .     (no gloves)
SustAt .         Harm     .     (no boots)
MR     .....                    (no amulet)
Stlth  ..........               (no ring)
                                (no ring)

@: not resistant to hostile enchantments, extremely unstealthy
A: permanent stasis, dig shafts and tunnels, four strong arms, antennae 3
a: Dig, Shaft Self, Depart the Abyss, Bend Space, Renounce Religion


You were on level 2 of the Dungeon.
You worshipped Lugonu.
Lugonu was pleased with you.
You were hungry.

You visited 1 branch of the dungeon, and saw 2 of its levels.
You visited the Abyss 1 time.

You collected 58 gold pieces.


Innate Abilities, Weirdness & Mutations

You are under a permanent stasis effect.
You can dig through walls and to a lower floor.
Your four strong arms can wield two-handed weapons with a shield.
You have a pair of large antennae on your head (SInv).


   Skills:
 - Level 3.2 Fighting
 + Level 4.5 Long Blades
 - Level 2.1 Armour
 - Level 0.8 Dodging
 - Level 2.1 Invocations


You had 3 spell levels left.
You didn't know any spells.

Inventory:

Hand Weapons
 a - a +1 falchion (weapon)
Missiles
 k - 15 poisoned needles
Armour
 b - a +0 leather armour
 d - a +0 scale mail (worn)
 e - a +0 cloak (worn)
 g - a +0 ring mail
Potions
 h - a potion of cure mutation {unknown}
 i - a potion of degeneration {unknown}
 j - a potion of brilliance {unknown}
 l - a potion of heal wounds {unknown}
 m - a potion of curing {unknown}
 n - a potion of lignification {unknown}
Comestibles
 c - 2 bread rations
 f - a meat ration
 o - a chunk of flesh

Dungeon Overview and Level Annotations

Branches:
Dungeon (2/15)

Altars:
Fedhas

Annotations:
D:2 Robin, Sigmund


Message History

You hit the hobgoblin but do no damage. The hobgoblin hits you with a club.
You hit the hobgoblin.
The hobgoblin is almost dead.
The hobgoblin hits you with a club.
You slash the hobgoblin!
You kill the hobgoblin!
Lugonu accepts your kill.
You closely miss the goblin. The goblin hits you but does no damage.
You barely miss the goblin. The goblin barely misses you.
You hit the goblin.
The goblin is moderately wounded.
The goblin hits you with a club.
You hit the goblin.
You kill the goblin!
Lugonu accepts your kill.
You slash the goblin!
You kill the goblin!
Lugonu accepts your kill.
You completely miss Sigmund. Sigmund barely misses you.
You barely miss Sigmund. You hit Sigmund.
Sigmund is lightly wounded.
Sigmund hits you with a scythe!
You hit Sigmund but do no damage.
Sigmund is lightly wounded.
Sigmund casts a spell at you. The puff of flame hits you!
You hit Sigmund.
Sigmund is moderately wounded.
Sigmund hits you with a scythe!
You hit Sigmund.
Sigmund is heavily wounded.
You are feeling hungry.
Sigmund hits you with a scythe.
You die...

####{#.#####.###
#g.g{.g...#..(..
.##.##.#.##.#..#
....g{{#.#.....###
.....{{#{g.......#
##g###{##....##.#
...##{######.##.##.#
.##
#@#######.......#
##@#.....#####.##
###.....# ####.....#
#........# .##.....#
#....### ##.#(###
#......# ##(###.#


You could see Sigmund.

Action                   |  1- 3 |  4- 6 || total
-------------------------+-------+-------++-------
Melee: Falchion          |   101 |    49 ||   150
 Abil: Dig               |       |     1 ||     1
  Use: Scroll            |     1 |       ||     1
  Eat: Chunk             |       |     2 ||     2

Notes
Turn   | Place    | Note
--------------------------------------------------------------
     0 | Abyss:1  | Duffy the Formicid Abyssal Knight began the quest for the Orb.
     0 | Abyss:1  | Reached XP level 1. HP: 18/18 MP: 2/2
    38 | D:1      | Escaped the Abyss
   232 | D:1      | Reached XP level 2. HP: 24/24 MP: 3/3
   500 | D:1      | Reached skill level 3 in Long Blades
   502 | D:1      | Reached ** piety under Lugonu
   594 | D:1      | Reached XP level 3. HP: 21/29 MP: 4/4
   990 | D:2      | Found a blossoming altar of Fedhas.
  1115 | D:2      | Noticed Terence
  1133 | D:2      | Killed Terence
  1133 | D:2      | Reached skill level 4 in Long Blades
  1133 | D:2      | Reached XP level 4. HP: 16/35 MP: 5/5
  1535 | D:2      | Noticed Robin
  1537 | D:2      | Noticed Sigmund
  1565 | D:2      | Slain by Sigmund

Vault maps used:
D:1:      lightli_arrival_flooded_house, nrook_mini_vaults
D:2:      lemuel_blue_sif_altar, overflow_temple_1_default, first_bread,
          uniq_terence, uniq_sigmund, uniq_robin

Vanquished Creatures
  Terence
  An adder
  2 dart slugs
  2 giant cockroaches
  5 hobgoblins
  3 jackals
  7 bats
  A giant newt
  8 goblins
  6 kobolds
  5 rats
41 creatures vanquished.
